 Dungeon Crawl Stone Soup version 0.14.1-24-gbdbe590 (webtiles) character file.

5338 Kenran the Cleaver (level 10, -2/93 HPs)
             Began as a Minotaur Fighter on June 18, 2014.
             Was an Elder of Makhleb.
             Killed from afar by a manticore (7 damage)
             ... with a volley of spikes
             ... on Level 9 of the Dungeon.
             The game lasted 00:42:13 (8767 turns).

Kenran the Cleaver (Minotaur Fighter)               Turns: 8767, Time: 00:42:13

HP  -2/93        AC 19     Str 21      XL: 10   Next: 32%
MP   4/4         EV  4     Int  5      God: Makhleb [****..]
Gold 235         SH 19     Dex 13      Spells:  0 memorised,  9 levels left

rFire  . . .     SeeInvis .     a - +1 war axe
rCold  . . .     Clarity  .     m - +1 plate armour
rNeg   . . .     Conserve +     c - +0 shield
rPois  .         rCorr    +     M - +0 hat
rElec  +         rRot     .     E - +0 cloak {rCorr, Cons}
SustAb . .       Spirit   .     A - +0 pair of gloves
rMut   .         Warding  .     h - +1 pair of boots of Ijihicseu {rElec}
Saprov . . .     Stasis   .     b - cursed amulet of resist corrosion
MR     .....                    (no ring)
                                (no ring)

@: not resistant to hostile enchantments, extremely unstealthy
A: retaliatory headbutt, horns 2
a: Minor Destruction, Lesser Servant of Makhleb, Major Destruction, Renounce
Religion


You were on level 9 of the Dungeon.
You worshipped Makhleb.
Makhleb was greatly pleased with you.
You were not hungry.

You visited 2 branches of the dungeon, and saw 10 of its levels.

You collected 358 gold pieces.
You spent 123 gold pieces at shops.

Inventory:

Hand weapons
 a - a +1,+1 war axe (weapon)
Armour
 c - a +0 shield (worn)
 h - the +1 pair of boots of Ijihicseu (worn) {rElec}
   (You found it on level 6 of the Dungeon)

   It insulates you from electricity.
 m - a +1 plate armour (worn)
 s - a +2 leather armour of fire resistance
 A - a +0 pair of gloves (worn)
 E - a +0 cloak of preservation (worn)
 M - a +0 hat (worn)
Magical devices
 p - a wand of disintegration (10) {unknown}
 t - a wand of fire (0)
 B - a wand of digging (13) {unknown}
 D - a wand of random effects (14) {unknown}
 I - a wand of disintegration (11) {unknown}
Comestibles
 d - 5 bread rations
 z - a royal jelly
 C - 14 cheeses
 J - a meat ration
Scrolls
 g - 3 scrolls of identify
 w - 6 scrolls of remove curse
 x - a scroll of recharging
 y - 4 scrolls of enchant weapon II
 F - a scroll of teleportation
 O - a scroll of magic mapping
Jewellery
 b - a cursed amulet of resist corrosion (around neck)
 q - an uncursed amulet of clarity {unknown}
 r - an uncursed ring of fire
 G - an uncursed ring of ice {unknown}
 P - a +5 ring of strength {unknown}
Potions
 e - 7 potions of might
 f - 3 potions of haste
 i - 3 potions of heal wounds
 j - 3 potions of poison {unknown}
 k - 2 potions of magic {unknown}
 l - 2 potions of curing
 n - 2 potions of brilliance {unknown}
 o - 2 potions of cure mutation {unknown}
 u - 2 potions of restore abilities {unknown}
 v - 2 potions of agility
 H - a potion of confusion {unknown}
 K - a potion of beneficial mutation {unknown}
 L - a potion of paralysis {unknown}
 N - a potion of lignification {unknown}


   Skills:
 - Level 10.2 Fighting
 * Level 13.1 Axes
 - Level 8.1 Armour
 + Level 2.9 Dodging
 - Level 3.6 Shields


You had 9 spell levels left.
You didn't know any spells.

Dungeon Overview and Level Annotations

Branches:
Dungeon (9/15)             Temple (1/1) D:5
    Orc: D:9-12        Lair: D:8-11

Altars:
Ashenzari
Cheibriados
Dithmenos
Elyvilon
Fedhas
Kikubaaqudgha
Makhleb
Nemelex Xobeh
Okawaru
Sif Muna
Trog
Vehumet
Xom
Yredelemnul
Zin
The Shining One

Shops:
D:7 ?

Annotations:
D:8 Grum
D:9 Christof's ghost, experienced MiFi


Innate Abilities, Weirdness & Mutations

You reflexively headbutt those who attack you in melee.
You have a pair of horns on your head.


Message History

Why would you want to do that?
The barbed spikes dig painfully into your body as you move.
* * * LOW HITPOINT WARNING * * *
The manticore flicks its tail!
The volley of spikes misses you.
The barbed spikes dig painfully into your body as you move.
* * * LOW HITPOINT WARNING * * *
The manticore flicks its tail!
The volley of spikes skewers you!
The barbed spikes become lodged in your body.
* * * LOW HITPOINT WARNING * * *
The steam dragon breathes steam at you. The ball of steam hits you!
* * * LOW HITPOINT WARNING * * *
The barbed spikes dig painfully into your body as you move.
* * * LOW HITPOINT WARNING * * *
The manticore flicks its tail!
The volley of spikes skewers you!
The barbed spikes dig painfully into your body as you move.
* * * LOW HITPOINT WARNING * * *
The manticore flicks its tail!
The volley of spikes skewers you!
The barbed spikes become lodged in your body.
You die...

................PP...............
..............P.≈.♣..............
..............≈.P≈≈≈)...........
..........%...≈.≈P≈≈...........
###.....###....≈≈≈≈g.......... #
#.....# #...≈.DH≈§.........
###.....###....≈≈≈≈≈♣.......
.............P≈.≈≈≈P........
..............≈≈@≈P≈........
..............P≈.≈≈≈P......
....)...........≈≈≈.......
............##..........(
....<.<.....###.........
.....<......###.........
.........................
.........................
.........................


You could see a manticore, a steam dragon and a hobgoblin.

Vanquished Creatures
  Prince Ribbit (D:6)
  A two-headed ogre (D:8)
  A slime creature (D:9)
  Eustachio (D:6)
  A hill giant zombie (D:9)
  A wolf (D:8)
  Edmund (D:9)
  Menkaure (D:6)
  5 necrophages (D:6)
  An orc warrior (D:8)
  2 ogres
  2 phantoms
  An ice beast (D:8)
  2 sky beasts
  A giant goldfish (D:9)
  2 centaurs
  Duvessa (D:6)
  2 giant frogs
  A big kobold (D:8)
  4 scorpions
  A yak zombie (D:8)
  3 jellies
  An electric eel (D:9)
  4 hounds
  Dowan (D:6)
  3 crimson imps (D:6)
  4 quasits
  An orc priest (D:9)
  Crazy Yiuf (D:6)
  A black bear skeleton (D:8)
  An orange rat (D:7)
  5 iguanas
  5 worker ants
  5 orc wizards
  An ogre zombie (D:6)
  A big kobold skeleton (D:8)
  2 mummies
  A worker ant zombie (D:5)
  13 adders
  10 gnolls
  5 green rats (D:7)
  An inept feature mimic (D:7)
  An inept item mimic (D:4)
  A shadow imp (D:5)
  A worm zombie (D:9)
  A giant mite (D:5)
  3 worms
  2 ufetubi (D:6)
  An adder skeleton (D:4)
  A giant eyeball (D:5)
  9 giant geckos
  An ooze (D:3)
  19 orcs
  15 bats
  A bat skeleton (D:5)
  A bat zombie (D:6)
  6 giant cockroaches
  12 goblins
  7 hobgoblins
  16 jackals
  23 kobolds
  A giant gecko skeleton (D:4)
  6 giant newts
  A giant newt skeleton (D:5)
  An orc zombie (D:6)
  2 quokkas
  24 rats
  A rat skeleton (D:4)
  2 bushes (D:6)
  6 plants
267 creatures vanquished.

Vanquished Creatures (collateral kills)
  The ghost of hcnick the Ducker, an experienced DrCj of Kikubaaqudgha (D:7)
1 creature vanquished.

Vanquished Creatures (others)
  7 plants
7 creatures vanquished.

Grand Total: 275 creatures vanquished

Notes
Turn   | Place    | Note
--------------------------------------------------------------
     0 | D:1      | Kenran, the Minotaur Fighter, began the quest for the Orb.
     0 | D:1      | Reached XP level 1. HP: 19/19 MP: 1/1
   179 | D:1      | Reached XP level 2. HP: 26/26 MP: 1/1
   700 | D:2      | Reached skill level 4 in Axes
   796 | D:2      | Reached XP level 3. HP: 31/31 MP: 2/2
  1281 | D:2      | Reached skill level 5 in Axes
  1314 | D:2      | Reached XP level 4. HP: 20/39 MP: 2/2
  1543 | D:3      | Noticed a giant frog
  1550 | D:3      | Killed a giant frog
  1550 | D:3      | Reached skill level 6 in Axes
  1550 | D:3      | Reached XP level 5. HP: 23/45 MP: 2/2
  1840 | D:3      | Reached skill level 7 in Axes
  2617 | D:4      | Reached XP level 6. HP: 51/51 MP: 3/3
  2766 | D:4      | Reached skill level 8 in Axes
  3370 | D:4      | Reached skill level 9 in Axes
  3559 | D:5      | Entered Level 5 of the Dungeon
  3561 | D:5      | Found a staircase to the Ecumenical Temple.
  3572 | Temple   | Entered the Ecumenical Temple
  3601 | Temple   | Became a worshipper of Makhleb the Destroyer
  3708 | D:5      | Reached XP level 7. HP: 45/57 MP: 3/3
  3982 | D:5      | Reached skill level 10 in Axes
  4239 | D:5      | Acquired Makhleb's first power
  4617 | D:6      | Got a pair of twisted boots
  4618 | D:6      | Identified the cursed +1 pair of boots of Ijihicseu {rElec} (You found it on level 6 of the Dungeon)
  4649 | D:6      | Noticed Duvessa
  4661 | D:6      | Killed Duvessa
  4663 | D:6      | Noticed Dowan
  4666 | D:6      | Killed Dowan
  4696 | D:6      | Reached skill level 11 in Axes
  4696 | D:6      | Reached XP level 8. HP: 62/64 MP: 3/3
  4697 | D:6      | Found a blossoming altar of Fedhas.
  4785 | D:6      | Noticed Eustachio
  4816 | D:6      | Killed Eustachio
  4816 | D:6      | Reached skill level 12 in Axes
  5069 | D:6      | Noticed Crazy Yiuf
  5077 | D:6      | Killed Crazy Yiuf
  5077 | D:6      | Reached skill level 5 in Armour
  5121 | D:6      | Identified a +0 cloak of preservation (You took it off Crazy Yiuf on level 6 of the Dungeon)
  5173 | D:6      | Noticed Menkaure
  5179 | D:6      | Killed Menkaure
  5237 | D:6      | Acquired Makhleb's second power
  5380 | D:6      | Noticed Prince Ribbit
  5410 | D:6      | Killed Prince Ribbit
  5410 | D:6      | Reached XP level 9. HP: 42/70 MP: 4/4
  5661 | D:6      | Reached skill level 5 in Fighting
  5695 | D:6      | Acquired Makhleb's third power
  5762 | D:7      | Found a sparkling altar of Nemelex Xobeh.
  6007 | D:7      | Found Schiwew's Magic Scroll Shop.
  6022 | D:7      | Bought a scroll of identify for 26 gold pieces
  6022 | D:7      | Bought a scroll of identify for 26 gold pieces
  6022 | D:7      | Bought a scroll of enchant weapon II for 71 gold pieces
  6053 | D:7      | Noticed hcnick's ghost (experienced DrCj)
  6067 | D:7      | Killed hcnick's ghost
  7032 | D:7      | Acquired Makhleb's fourth power
  7744 | D:8      | Reached skill level 10 in Fighting
  7873 | D:9      | Reached XP level 10. HP: 66/93 MP: 4/4
  7910 | D:9      | Noticed Christof's ghost (experienced MiFi)
  8107 | D:8      | Reached skill level 1 in Dodging
  8423 | D:9      | Noticed Grum
  8683 | D:9      | Reached skill level 13 in Axes
  8701 | D:9      | Noticed Edmund
  8719 | D:9      | Killed Edmund
  8742 | D:9      | Noticed a manticore
  8767 | D:9      | Killed from afar by a manticore

Action                   |  1- 3 |  4- 6 |  7- 9 | 10-12 || total
-------------------------+-------+-------+-------+-------++-------
Melee: War axe           |    97 |   237 |   455 |   132 ||   921
Invok: Lesser Servant of |       |       |     1 |       ||     1
       Major Destruction |       |       |       |     1 ||     1
  Use: Scroll            |     3 |     6 |    11 |     3 ||    23
       Potion            |       |       |     1 |     2 ||     3
